 Dungeon Crawl Stone Soup version 0.30-a0-125-g51eefa89be (webtiles) character file.

Game seed: 1555358030593918241

258122 Glokmah the Slayer (level 19, -3/237 HPs)
             Began as an Ogre Monk on Sept 18, 2022.
             Was a High Priest of Jiyva.
             Slain by a fire giant
             ... wielding a +1 great sword of flaming
              (33 damage)
             ... on level 1 of the Depths.
             The game lasted 01:51:19 (40441 turns).

Glokmah the Slayer (Ogre Monk)                     Turns: 40441, Time: 01:51:20

Health: -3/237     AC: 26    Str: 26    XL:     19   Next: 34%
Magic:  21/21      EV: 12    Int:  9    God:    Jiyva [*****.]
Gold:   592        SH: 16    Dex: 23    Spells: 19/21 levels left

rFire   + . .      SeeInvis .    a - +3 demon whip (venom)
rCold   + . .      Faith    +    G - +2 kite shield
rNeg    + . .      Spirit   .    u - +4 shadow dragon scales
rPois   +          Reflect  .    (helmet restricted)
rElec   .          Harm     .    s - +2 cloak {rF+}
rCorr   +          Rampage  .    (gloves unavailable)
Will    ++...                    (boots unavailable)
Stlth   +++++.....               K - amulet "Cep Fom" {Faith rPois rN+ Str+2}
HPRegen 1.93/turn                q - +4 ring of slaying
MPRegen 0.62/turn                Q - ring of willpower

@: mighty, about to teleport, calling ooze
A: large, unfitting armour, tough skin 1, beak, claws 2, horns 2, talons 1,
iridescent scales 1, thin skeletal structure 2, agile 2, cold resistance 1, wild
magic 1, tendrils, jelly sensing items, engulf
}: 3/15 runes: decaying, serpentine, slimy
a: Renounce Religion, Oozemancy, Slimify


You were on level 1 of the Depths.
You worshipped Jiyva.
Jiyva was extremely pleased with you.
You visited 8 branches of the dungeon, and saw 38 of its levels.
You also visited: Ossuary and Volcano.

You collected 4326 gold pieces.
You spent 3734 gold pieces at shops.

Inventory:

Hand Weapons
 a - a +3 demon whip of venom (weapon)
 b - the +7 flail "Hicizau" {flame, Int+4 Dex+5}
   (You bought it in a shop on level 3 of the Snake Pit)

   It burns those it strikes, dealing additional fire damage.
   Int:       It affects your intelligence (+4).
   Dex:       It affects your dexterity (+5).
 i - a +2 demon whip of protection
 O - a +0 giant club of flaming
 P - a +0 great mace of flaming
Missiles
 o - 25 poisoned darts
 A - 21 boomerangs
 R - 3 throwing nets
 T - 7 silver javelins
 U - 8 javelins
Armour
 s - a +2 cloak of fire resistance (worn)
 u - +4 shadow dragon scales (worn)
 x - a scarf of shadows
 G - a +2 kite shield (worn)
Jewellery
 l - a +4 ring of protection
 q - a +4 ring of slaying (left claw)
 K - the amulet "Cep Fom" (around neck) {Faith rPois rN+ Str+2}
   (You bought it in a shop on level 2 of the Orcish Mines)

   [amulet of faith]

   It allows you to gain divine favour quickly.
   Str:       It affects your strength (+2).
   rPois:     It protects you from poison.
   rN:        It protects you from negative energy.
 N - an amulet of guardian spirit
 Q - a ring of willpower (right claw)
Wands
 y - a wand of digging (6)
 B - a wand of roots (9)
 D - a wand of mindburst (10)
 M - a wand of polymorph (23) (quivered)
 S - a wand of paralysis (38)
 V - a wand of light (9)
 Y - a wand of flame (40)
Scrolls
 f - a scroll of magic mapping
 g - 18 scrolls of identify
 j - 5 scrolls of fog
 r - 3 scrolls of poison
 t - 3 scrolls of blinking
 w - 3 scrolls of teleportation
 F - 6 scrolls of fear
 H - 5 scrolls of amnesia
 X - 2 scrolls of immolation
 Z - 3 scrolls of vulnerability
Potions
 c - 5 potions of ambrosia
 d - 5 potions of attraction
 e - 7 potions of invisibility
 h - 5 potions of cancellation
 m - 7 potions of mutation
 n - 4 potions of might
 p - 4 potions of resistance
 v - 3 potions of flight
 z - 2 potions of heal wounds
 C - 5 potions of lignification
 E - 6 potions of brilliance
 I - 11 potions of curing
 J - 3 potions of haste
 W - 4 potions of magic
Miscellaneous
 k - a tin of tremorstones (2/2)


   Skills:
 + Level 25.1 Fighting
 - Level 12.0 Maces & Flails
 * Level 8.7 Throwing
 - Level 10.3 Armour
 - Level 10.4 Dodging
 - Level 1.4 Stealth
 - Level 15.0 Shields
 - Level 1.1 Unarmed Combat
 - Level 1.8 Spellcasting
 - Level 2.2 Transmutations
 - Level 9.2 Evocations


You had 19 spell levels left.
You knew the following spells:

 Your Spells              Type           Power      Damage    Failure   Level
a - Wereblood             Tmut           6%         N/A       88%         2

Your spell library contained the following spells:

 Spells                   Type           Power      Damage    Failure   Level
 Magic Dart               Conj           4%         1d3       96%         1
 Sandblast                Erth           2%         2d4       96%         1
 Passwall                 Tmut/Erth      2%         N/A       96%         2
 Call Imp                 Summ           1%         N/A       99%         2
 Ensorcelled Hibernation  Hex/Ice        2%         N/A       99%         2
 Scorch                   Fire           2%         2d5       99%         2
 Sublimation of Blood     Necr           1%         N/A       99%         2
 Dazzling Flash           Conj/Hex       2%         N/A       100%        3
 Mephitic Cloud           Conj/Pois/Air  1%         N/A       100%        3
 Portal Projectile        Hex/Tloc       2%         N/A       100%        3
 Stone Arrow              Conj/Erth      2%         3d7       100%        3
 Swiftness                Air            1%         N/A       100%        3
 Tukima's Dance           Hex            1%         N/A       100%        3
 Airstrike                Air            0%         2d(1-17)  100%        4
 Animate Dead             Necr           1%         N/A       100%        4
 Cause Fear               Hex            0%         N/A       100%        4
 Flame Wave               Conj/Fire      1%         2d4       100%        4
 Leda's Liquefaction      Hex/Erth       0%         N/A       100%        4
 Passage of Golubria      Tloc           1%         N/A       100%        4
 Petrify                  Tmut/Erth      3%         N/A       100%        4
 Summon Ice Beast         Ice/Summ       1%         N/A       100%        4
 Summon Lightning Spire   Summ/Air       1%         N/A       100%        4
 Agony                    Necr           1%         N/A       100%        5
 Blade Hands              Tmut           3%         N/A       100%        5
 Fireball                 Conj/Fire      0%         3d3       100%        5
 Iskenderun's Battlesphe  Conj           1%         2d6       100%        5
 Lee's Rapid Deconstruct  Erth           0%         3d5*      100%        5
 Lightning Bolt           Conj/Air       0%         1d11      100%        5
 Silence                  Hex/Air        0%         N/A       100%        5
 Summon Mana Viper        Hex/Summ       1%         N/A       100%        5
 Yara's Violent Unravell  Hex/Tmut       1%         3d3       100%        5
 Conjure Ball Lightning   Conj/Air       0%         3x3d6     100%        6
 Iron Shot                Conj/Erth      0%         9d1       100%        6
 Statue Form              Tmut/Erth      2%         N/A       100%        6
 Summon Cactus Giant      Summ           0%         N/A       100%        6
 Dragon Form              Tmut           3%         N/A       100%        7
 Haunt                    Necr/Summ      0%         N/A       100%        7
 Monstrous Menagerie      Summ           0%         N/A       100%        7
 Orb of Destruction       Conj           0%         9d5       100%        7
 Summon Hydra             Summ           0%         N/A       100%        7
 Infestation              Necr           0%         N/A       100%        8
 Dragon's Call            Summ           0%         N/A       100%        9


Dungeon Overview and Level Annotations

Branches:
Dungeon (15/15)            Temple (1/1) D:7            Lair (5/5) D:10
  Swamp (4/4) Lair:2        Snake (4/4) Lair:3        Slime (5/5) Lair:4
    Orc (2/2) D:9             Elf (0/3) Orc:2        Vaults (0/5) D:13
 Depths (2/4) D:15        Ossuary (visited)         Volcano (visited)

Altars:
Ashenzari
Cheibriados
Dithmenos
Elyvilon
Fedhas
Gozag
Hepliaklqana
Kikubaaqudgha
Makhleb
Nemelex Xobeh
Okawaru
Qazlal
Ru
Sif Muna
Trog
Uskayaw
Vehumet
Wu Jian
Xom
Yredelemnul
Zin
The Shining One
Ignis
Jiyva

Shops:
D:9 [   D:13 =   D:14 !   Orc:2 =((=![(*   Snake:3 (**:

Portals:
Hell: Depths:1 Depths:2
Abyss: Depths:1

Annotations:
Slime:5 Royal Jelly


Innate Abilities, Weirdness & Mutations

You are too large for most types of armour.
You have tough skin. (AC +1)
You have a beak for a mouth.
You have very sharp fingernails.
You have a pair of horns on your head.
You have sharp toenails.
You are partially covered in iridescent scales. (AC +2)
You have a moderately thin skeletal structure. (Dex +4, Stealth++)
You are very agile. (Dex +8, Str/Int -2)
Your flesh is cold resistant. (rC+)
Your spells are a little harder to cast, but a little more powerful.
You are covered in slimy tendrils that may disarm your opponents.
You have a small jelly attached to you that senses nearby items.
Your melee attacks may engulf your foes in ooze.


Message History

You whack the fire giant!
The fire giant looks as sick as possible!
You claw the fire giant. You headbutt the fire giant. You peck the fire giant!
The fire giant is severely wounded.
The iron troll is asphyxiated!
The wall burns the deep troll!
You block the deep troll's attack. x2
The deep troll claws you but does no damage.
The wall burns the ettin!
The walls burn the fire giant!
You block the fire giant's attack.
The walls burn the iron troll!
You kill the iron troll!
A freezing mist starts to gather...
An iron troll simulacrum comes into view.
You whack the iron troll simulacrum! You claw the iron troll simulacrum.
You peck the iron troll simulacrum.
The iron troll simulacrum is moderately damaged.
The wall burns the fire giant!
The wall burns the deep troll!
You block the deep troll's attack. The deep troll claws you!
* * * LOW HITPOINT WARNING * * *
The deep troll barely misses you.
You whack the iron troll simulacrum!
You engulf the iron troll simulacrum in ooze!
You claw the iron troll simulacrum. You peck the iron troll simulacrum.
The iron troll simulacrum is heavily damaged.
The walls burn the fire giant!
The fire giant hits you with a +1 great sword of flaming!!
* * * LOW HITPOINT WARNING * * *
The fire giant burns you.
* * * LOW HITPOINT WARNING * * *
Okay, then.
Okay, then.
Okay, then.
As you read the scroll of teleportation, it crumbles to dust.
You feel strangely unstable.
You are no longer corroded.
The iron troll's soul is no longer bound.
The wall burns the fire giant!
The wall burns the deep troll!
You block the deep troll's attack. The deep troll closely misses you. x2
The wall burns the fire dragon!
The walls burn the fire giant!
The fire giant hits you with a +1 great sword of flaming!!
You die...

~.~~.~..~...
...........#
........#..##
............#
............#
...........#
....^..D...#
......CTC#..#
......)#@# #
......ZC##
..#....T .
##..#. #....
#..##. ..#.
## ..


You could see 2 fire giants, a fire dragon, an iron troll, an ettin (soul
bound), a deep troll (soul bound) and an iron troll simulacrum.

Vanquished Creatures
  A pearl dragon (Depths:1)
  Rupert (Orc:2)
  Mlioglotl (Swamp:2)
  Frances (D:14)
  Kirke (Lair:4)
  2 thorn hunters
  10 nagarajas
  2 fire giants (Depths:1)
  A frost giant (D:15)
  A fenstrider witch (Swamp:1)
  The ghost of Garessta the Champion of Chaos, a journeyman DsBr of Makhleb (Snake:2)
  2 orc warlords
  A reaper (Depths:1)
  A stone giant (Depths:1)
  A vampire knight (Depths:1)
  3 very ugly things
  An apis (Depths:1)
  A dire elephant (Lair:5)
  2 spark wasps (Depths:1)
  4 eleionomae
  5 bunyips
  Snorg (Orc:2)
  The ghost of fly the Carver, a journeyman DgDe (D:13)
  A fire dragon (Depths:1)
  The ghost of Zero the Fighter, a journeyman MiFi of Makhleb (D:10)
  4 salamander tyrants
  6 ice dragons
  Harold (D:11)
  2 hell beasts (Depths:1)
  A ghost crab (Swamp:4)
  A spriggan air mage (Depths:1)
  The ghost of passata the Fighter, a journeyman FoFi of Hepliaklqana (Lair:1)
  4 vault guards (D:13)
  4 centaur warriors
  14 hydras
  3 catoblepae
  2 boulder beetles
  An ogre mage (D:15)
  8 two-headed ogres
  12 anacondas
  A deep troll shaman (Depths:1)
  2 tengu warriors
  13 naga warriors
  A deep troll earth mage (Depths:1)
  11 alligators
  7 death yaks
  10 naga sharpshooters
  A spriggan berserker (Depths:1)
  6 shock serpents
  Urug (D:12)
  Sonja (D:12)
  4 hell knights (Depths:1)
  8 salamander mystics
  4 iron trolls (Depths:1)
  Lodul (D:12)
  Amaemon (D:9)
  A quicksilver dragon simulacrum (Depths:1)
  4 skeletal warriors (D:14)
  A death drake (Swamp:2)
  3 deep trolls (Depths:1)
  5 goliath frogs
  5 naga ritualists
  3 bog bodies
  2 phantasmal warriors (Depths:1)
  5 swamp dragons
  4 spriggan druids
  4 orc knights
  A necromancer (Depths:1)
  3 deep elf pyromancers
  23 ugly things
  9 mana vipers
  An oklob plant (Lair:4)
  An orc sorcerer (Orc:1)
  3 manticores
  6 cyclopes
  22 salamanders
  13 elephants
  5 will-o-the-wisps
  Maurice (D:8)
  A torpor snail (Lair:5)
  5 guardian serpents
  16 naga magi
  7 cane toads
  27 black mambas
  An orange demon (D:9)
  Joseph (D:8)
  A gargoyle (D:11)
  Maggie (D:10)
  2 unseen horrors
  An efreet (D:14)
  3 rime drakes
  8 komodo dragons
  3 tengu conjurers
  4 freezing wraiths (Swamp:4)
  A kobold demonologist (D:13)
  6 trolls
  A polar bear (Lair:2)
  16 blink frogs
  A wolf spider simulacrum (D:14)
  8 hornets
  4 tyrant leeches
  4 dream sheep
  Sigmund (D:2)
  2 spectral black mambas (Snake:2)
  4 centaur simulacra
  3 wraiths
  2 shock serpent simulacra (Snake:2)
  56 yaks
  8 spriggans
  7 wyverns
  A ynoxinul (D:13)
  8 humans (D:13)
  4 basilisks
  2 water elementals (Depths:1)
  A yak (shapeshifter) (D:13)
  15 fire elementals
  An unseen horror simulacrum (D:10)
  Grum (D:8)
  A fire bat (Volcano)
  A steam dragon (D:7)
  12 vampire mosquitoes
  4 wargs
  4 swamp worm simulacra (Swamp:4)
  14 swamp worms
  55 nagas
  An acid dragon (D:9)
  4 hell hounds (Volcano)
  12 hydra simulacra (Swamp:4)
  A spectral naga (Snake:2)
  13 water moccasins
  A hornet zombie (D:7)
  40 orc warriors
  2 ice beasts
  2 sky beasts (D:7)
  8 swamp drakes
  A black mamba simulacrum (Snake:2)
  18 wolves
  9 ogres
  20 centaurs
  A phantom (D:4)
  A kobold brigand (D:8)
  Blork the orc (D:6)
  18 bullfrogs
  A gnoll sergeant (D:8)
  5 necrophages
  A wyvern zombie (D:7)
  7 wights
  12 killer bees
  4 naga simulacra (Snake:2)
  3 electric eels
  4 howler monkeys
  2 centaur zombies (D:7)
  A human zombie (D:7)
  A gnoll bouda (D:10)
  4 hounds
  3 jellies
  14 orc priests
  Crazy Yiuf (D:5)
  3 iguanas
  Ijyb (D:5)
  28 orc wizards
  9 mummies
  Robin (D:4)
  8 gnolls
  4 adders
  A shadow imp (D:5)
  2 white imps (D:10)
  4 swamp drake simulacra (Swamp:4)
  2 ufetubi
  A worm (D:3)
  2 dart slugs
  55 orcs
  3 bats (D:1)
  4 endoplasms
  3 giant cockroaches (D:1)
  A gnoll zombie (Ossuary)
  14 goblins
  7 hobgoblins
  8 jackals
  9 kobolds
  5 quokkas
  4 ball pythons
  2 frilled lizards
  A hobgoblin zombie (Ossuary)
  2 kobold zombies (Ossuary)
  4 orc zombies (Ossuary)
1041 creatures vanquished.

Vanquished Creatures (others)
  A bunyip (Swamp:3)
  A spark wasp (Depths:1)
  2 rakshasas (D:15)
  3 glowing orange brains
  A deep troll (Depths:1)
  3 ugly things (D:15)
  A guardian serpent (Snake:4)
  A floating eye (Depths:1)
  3 bloated husks
  A tyrant leech (Swamp:4)
  A wolf spider simulacrum (D:14)
  A basilisk (D:12)
  5 humans (Lair:4)
  A swamp worm (Swamp:4)
  3 centaurs (Orc:2)
  2 orc priests
  70 jellies
  2 orc wizards (D:14)
  13 orcs
  A briar patch (Swamp:1)
  105 foxfires
  39 fungi
  67 plants
  4 starspawn tentacles (Swamp:2)
331 creatures vanquished.

Grand Total: 1372 creatures vanquished

Notes
Turn   | Place    | Note
-------+----------+-------------------------------------------
     0 | D:1      | Glokmah the Ogre Monk began the quest for the Orb.
     0 | D:1      | Reached XP level 1. HP: 24/24 MP: 1/1
   145 | D:1      | Found a faded altar of an unknown god.
   162 | D:1      | Prayed at the altar of an unknown god.
   162 | D:1      | Became a worshipper of Ignis, the Dying Flame
   162 | D:1      | Reached ****** piety under Ignis
   187 | D:1      | Reached XP level 2. HP: 31/32 MP: 2/2
   838 | D:2      | Reached XP level 3. HP: 39/40 MP: 3/3
   849 | D:2      | Learned a level 2 spell: Wereblood
   913 | D:2      | Noticed Sigmund
   986 | D:2      | Killed Sigmund
   987 | D:2      | Reached skill level 5 in Fighting
   987 | D:2      | Reached skill level 1 in Spellcasting
   987 | D:2      | Reached XP level 4. HP: 45/50 MP: 3/6
   987 | D:2      | Reached XP level 5. HP: 52/57 MP: 3/7
  1368 | D:2      | Reached XP level 6. HP: 66/66 MP: 8/8
  2365 | D:3      | Found a burning altar of Makhleb.
  2365 | D:3      | Noticed a green death
  2368 | D:3      | Noticed a smoke demon
  2368 | D:3      | Noticed an orange demon
  2844 | D:4      | Noticed Robin
  2863 | D:4      | Killed Robin
  3270 | D:4      | Reached skill level 5 in Maces & Flails
  3350 | D:4      | Found a blossoming altar of Fedhas.
  3641 | D:5      | Entered Level 5 of the Dungeon
  3744 | D:5      | Reached skill level 6 in Fighting
  3780 | D:5      | Reached XP level 7. HP: 56/75 MP: 9/9
  3897 | D:5      | Found a shadowy altar of Dithmenos.
  4340 | D:5      | Noticed Ijyb
  4386 | D:5      | Killed Ijyb
  4529 | D:5      | Found a runed translucent door.
  4530 | D:5      | Noticed Crazy Yiuf
  4553 | D:5      | Killed Crazy Yiuf
  4554 | D:5      | Reached skill level 7 in Fighting
  5091 | D:6      | Found a hazy altar of Hepliaklqana.
  5237 | D:6      | Reached XP level 8. HP: 86/87 MP: 10/10
  5405 | D:6      | Noticed Blork the orc
  5424 | D:6      | Killed Blork the orc
  6284 | D:7      | Reached skill level 8 in Fighting
  6284 | D:7      | Found a staircase to the Ecumenical Temple.
  6316 | Temple   | Entered the Ecumenical Temple
  6726 | D:7      | Reached skill level 9 in Fighting
  6726 | D:7      | Reached XP level 9. HP: 86/98 MP: 11/11
  6741 | D:7      | Found an ancient bone altar of Kikubaaqudgha.
  7160 | D:7      | Found an opulent altar of Gozag.
  7388 | D:8      | Noticed Joseph
  7397 | D:8      | Killed Joseph
  7398 | D:8      | Reached skill level 10 in Fighting
  7438 | D:8      | Found a sand-covered staircase.
  7455 | Ossuary  | Entered an ossuary
  7944 | D:8      | Reached skill level 10 in Maces & Flails
  8269 | D:8      | Noticed Grum
  8301 | D:8      | Killed Grum
  8302 | D:8      | Reached XP level 10. HP: 23/111 MP: 12/12
  8693 | D:8      | Reached skill level 11 in Fighting
  8961 | D:8      | Noticed Maurice
  9009 | D:8      | Killed Maurice
  9010 | D:8      | Reached skill level 1 in Shields
  9299 | D:8      | Found a broken altar of Ashenzari.
  9301 | D:8      | Found a white marble altar of Elyvilon.
  9665 | D:9      | Noticed Amaemon
  9665 | D:9      | Noticed an orange demon
  9985 | D:9      | Killed Amaemon
  9992 | D:9      | Killed an orange demon
 10684 | D:9      | Found a staircase to the Orcish Mines.
 10895 | D:9      | Found Taza's Antique Armour Emporium.
 10988 | D:10     | Entered Level 10 of the Dungeon
 11182 | D:10     | Reached skill level 12 in Fighting
 11457 | D:10     | Found a shimmering blue altar of Sif Muna.
 11467 | D:10     | Noticed Maggie
 11479 | D:10     | Killed Maggie
 11480 | D:10     | Reached skill level 5 in Shields
 11480 | D:10     | Reached XP level 11. HP: 110/123 MP: 13/13
 12373 | D:10     | Found a staircase to the Lair.
 12643 | D:10     | Found a runed translucent gate.
 12650 | D:10     | Found a runed translucent gate.
 12651 | D:10     | Found a runed translucent gate.
 12651 | D:10     | Identified the +2 chain mail "Gaheusa" {rPois rN+ rCorr
                  | Dex-2}
 12652 | D:10     | Noticed Zero's ghost (journeyman MiFi)
 12844 | D:10     | Found the +3 pair of seven-league boots {Rampage+∞}
 12912 | D:10     | Killed Zero's ghost
 12913 | D:10     | Reached skill level 13 in Fighting
 13114 | Lair:1   | Entered Level 1 of the Lair of Beasts
 13152 | Lair:1   | Noticed passata's ghost (journeyman FoFi)
 13323 | Lair:1   | Found a runed translucent gate.
 13323 | Lair:1   | Found a runed translucent gate.
 13324 | Lair:1   | Found a runed translucent gate.
 13703 | Lair:1   | Found a dark tunnel.
 13712 | Volcano  | Entered a volcano
 13744 | Volcano  | Noticed a two-headed ogre
 13789 | Volcano  | Killed a two-headed ogre
 13886 | Volcano  | Noticed a salamander
 13888 | Volcano  | Noticed a salamander
 13920 | Volcano  | Killed a salamander
 13921 | Volcano  | Reached XP level 12. HP: 37/137 MP: 4/14
 14518 | Lair:1   | Reached skill level 14 in Fighting
 14618 | Lair:1   | Reached skill level 1 in Armour
 14673 | Lair:1   | Reached skill level 10 in Shields
 14709 | Lair:1   | Killed passata's ghost
 15247 | Lair:2   | You fall into a shaft and drop 1 floor!
 16093 | Lair:2   | Noticed a boulder beetle
 16118 | Lair:2   | Reached skill level 15 in Fighting
 16149 | Lair:2   | Killed a boulder beetle
 16247 | Lair:2   | Reached XP level 13. HP: 114/150 MP: 12/15
 16670 | Lair:2   | Identified the +8 falchion of Dawuread {speed, rElec rC-
                  | Dex+4 SInv}
 17231 | Lair:2   | Identified the +0 scale mail of Boredom {Rampage rPois rF+}
 17292 | Lair:2   | Found a staircase to the Swamp.
 18139 | Lair:3   | Found a staircase to the Snake Pit.
 18446 | Lair:4   | Reached skill level 5 in Armour
 18945 | Lair:4   | Reached skill level 16 in Fighting
 19016 | Lair:4   | Found a viscous altar of Jiyva.
 19017 | Lair:4   | Found a staircase to the Slime Pits.
 19432 | Lair:4   | Noticed Kirke
 19471 | Lair:4   | Noticed a sphinx
 19491 | Lair:4   | Killed Kirke
 20380 | Lair:4   | Fell from the grace of Ignis
 20380 | Lair:4   | Became a worshipper of Jiyva Jainock the Shapeless
 20425 | Lair:5   | Entered Level 5 of the Lair of Beasts
 20452 | Lair:5   | Reached XP level 14. HP: 94/163 MP: 16/16
 21226 | Lair:5   | Reached * piety under Jiyva
 21368 | Lair:5   | Reached skill level 1 in Throwing
 21375 | Lair:5   | Reached skill level 17 in Fighting
 21593 | Lair:5   | Noticed a dire elephant
 21678 | Lair:5   | Killed a dire elephant
 21923 | Lair:5   | Reached ** piety under Jiyva
 22443 | Orc:1    | Entered Level 1 of the Orcish Mines
 22443 | Orc:1    | Noticed an orc warlord
 22690 | D:9      | Killed an orc warlord
 23010 | Orc:2    | Entered Level 2 of the Orcish Mines
 23010 | Orc:2    | Found a staircase to the Elven Halls.
 23028 | Orc:2    | Reached *** piety under Jiyva
 23038 | Orc:2    | Reached skill level 5 in Dodging
 23127 | Orc:2    | Found Vaonur's Jewellery Shop.
 23143 | Orc:2    | Noticed Snorg
 23156 | Orc:2    | Killed Snorg
 23372 | Orc:1    | You fall into a shaft and drop 1 floor!
 23372 | Orc:2    | Gained mutation: You have a pair of small antennae on your
                  | head. [Jiyva's grace]
 23372 | Orc:2    | Gained mutation: You have a pair of antennae on your head.
                  | [Jiyva's grace]
 23372 | Orc:2    | Gained mutation: You have a pair of large antennae on your
                  | head. (SInv) [Jiyva's grace]
 23372 | Orc:2    | Gained mutation: Your muscles are strong. (Str +4, Int/Dex
                  | -1) [Jiyva's grace]
 23382 | Orc:2    | Found Ume Nepn's Weapon Boutique.
 23575 | Orc:2    | Found Burphetao's Antique Weapon Shoppe.
 23609 | Orc:2    | Noticed Rupert
 23630 | Orc:2    | Reached **** piety under Jiyva
 23630 | Orc:2    | Found Gucw's General Store.
 23635 | Orc:1    | Noticed an orc warlord
 23681 | Orc:1    | Killed an orc warlord
 23979 | Orc:1    | Was forgiven by Ignis
 24262 | Orc:2    | Reached XP level 15. HP: 35/175 MP: 17/17
 24269 | Orc:2    | Killed Rupert
 24384 | Orc:2    | Found Lonkapp's Distillery.
 24384 | Orc:2    | Found Holup's Jewellery Boutique.
 24386 | Orc:2    | Found Areuciuvai's Weapon Shop.
 24388 | Orc:2    | Found Nibrox's Armour Shoppe.
 24417 | Orc:2    | Bought a potion of curing for 36 gold pieces
 24417 | Orc:2    | Bought a potion of curing for 36 gold pieces
 24428 | Orc:2    | Bought the amulet "Cep Fom" {Faith rPois rN+ Str+2} for 774
                  | gold pieces
 24818 | Orc:2    | Bought a dazzling flail for 187 gold pieces
 24818 | Orc:2    | Identified the +5 flail "Usoco" {freeze, rN+ Stlth+} (You
                  | bought it in a shop on level 2 of the Orcish Mines)
 25439 | Orc:2    | Bought a scroll of blinking for 97 gold pieces
 25580 | D:11     | Noticed Harold
 25592 | D:11     | Killed Harold
 25738 | D:11     | Reached skill level 18 in Fighting
 25745 | D:11     | Reached skill level 5 in Throwing
 25987 | D:12     | Lost mutation: Your muscles are strong. (Str +4, Int/Dex
                  | -1) [Jiyva's grace]
 25987 | D:12     | Gained mutation: Your translucent skin slightly reduces
                  | your foes' accuracy. (Stealth+) [Jiyva's grace]
 25987 | D:12     | Gained mutation: Your translucent skin reduces your foes'
                  | accuracy. (Stealth+) [Jiyva's grace]
 25987 | D:12     | Gained mutation: Your transparent skin significantly
                  | reduces your foes' accuracy. (Stealth+) [Jiyva's grace]
 25987 | D:12     | Gained mutation: Your muscles are strong. (Str +4, Int/Dex
                  | -1) [Jiyva's grace]
 26003 | D:12     | Noticed Urug
 26009 | D:12     | Killed Urug
 26167 | D:12     | Noticed Sonja
 26179 | D:12     | Killed Sonja
 26316 | D:12     | Noticed Lodul
 26343 | D:12     | Killed Lodul
 26497 | D:13     | Found Ymilom's Jewellery Boutique.
 26582 | D:13     | Noticed fly's ghost (journeyman DgDe)
 26583 | D:13     | Found a runed translucent door.
 26628 | D:13     | Killed fly's ghost
 26649 | D:13     | Got the Tome of Geology
 26719 | D:13     | Reached ***** piety under Jiyva
 27217 | D:13     | Found a gate to the Vaults.
 27795 | D:14     | Lost mutation: Your transparent skin significantly reduces
                  | your foes' accuracy. (Stealth+) [Jiyva's grace]
 27795 | D:14     | Gained mutation: Your muscles are very strong. (Str +8,
                  | Int/Dex -2) [Jiyva's grace]
 27795 | D:14     | Gained mutation: You have a somewhat thin skeletal
                  | structure. (Dex +2, Stealth+) [Jiyva's grace]
 27795 | D:14     | Gained mutation: You have a moderately thin skeletal
                  | structure. (Dex +4, Stealth++) [Jiyva's grace]
 27795 | D:14     | Gained mutation: You have an unnaturally thin skeletal
                  | structure. (Dex +6, Stealth+++) [Jiyva's grace]
 27823 | D:14     | Found Ukuema's Distillery.
 27826 | D:14     | Bought a potion of curing for 51 gold pieces
 27826 | D:14     | Bought a potion of heal wounds for 85 gold pieces
 27826 | D:14     | Bought a potion of curing for 51 gold pieces
 27826 | D:14     | Bought a potion of curing for 51 gold pieces
 28142 | D:14     | Noticed Frances
 28166 | D:14     | Killed Frances
 28457 | D:15     | Entered Level 15 of the Dungeon
 28504 | D:14     | Reached XP level 16. HP: 165/188 MP: 18/18
 28536 | D:15     | Reached skill level 19 in Fighting
 28658 | D:15     | Found a staircase to the Depths.
 28751 | D:15     | Found an iron altar of Okawaru.
 28786 | D:15     | Found a shadowy altar of Dithmenos.
 29110 | D:15     | Reached skill level 10 in Dodging
 29479 | Snake:1  | Entered Level 1 of the Snake Pit
 29569 | Snake:1  | Identified the +0 lajatang of Trog {flame, *Noise rF++
                  | Dex+2 Stlth+}
 29607 | Snake:1  | Reached ****** piety under Jiyva
 29666 | Snake:1  | Lost mutation: You have a pair of large antennae on your
                  | head. (SInv) [Jiyva's grace]
 29666 | Snake:1  | Lost mutation: You have a pair of antennae on your head.
                  | [Jiyva's grace]
 29666 | Snake:1  | Lost mutation: Your translucent skin reduces your foes'
                  | accuracy. (Stealth+) [Jiyva's grace]
 29666 | Snake:1  | Gained mutation: Your flesh is cold resistant. (rC+)
                  | [Jiyva's grace]
 29666 | Snake:1  | Gained mutation: Your flesh is very cold resistant. (rC++)
                  | [Jiyva's grace]
 29666 | Snake:1  | Gained mutation: Your flesh is almost immune to the effects
                  | of cold. (rC+++) [Jiyva's grace]
 29666 | Snake:1  | Gained mutation: Your melee attacks may engulf your foes in
                  | ooze. [Jiyva's grace]
 29921 | Snake:1  | Found an opulent altar of Gozag.
 30673 | Snake:2  | Noticed a nagaraja
 30684 | Snake:2  | Killed a nagaraja
 30778 | Snake:2  | Noticed a nagaraja
 30798 | Snake:2  | Killed a nagaraja
 30911 | Snake:2  | Reached skill level 20 in Fighting
 30911 | Snake:2  | Reached skill level 10 in Armour
 31058 | Snake:2  | Found a runed translucent gate.
 31059 | Snake:2  | Found a runed translucent gate.
 31060 | Snake:2  | Found a runed translucent gate.
 31061 | Snake:2  | Noticed Garessta's ghost (journeyman DsBr)
 31097 | Snake:2  | Killed Garessta's ghost
 31129 | Snake:2  | Identified a scroll of acquirement
 31379 | Snake:2  | Gained mutation: You are agile. (Dex +4, Str/Int -1)
                  | [Jiyva's grace]
 31379 | Snake:2  | Gained mutation: You are very agile. (Dex +8, Str/Int -2)
                  | [Jiyva's grace]
 31379 | Snake:2  | Gained mutation: You are partially covered in iridescent
                  | scales. (AC +2) [Jiyva's grace]
 31379 | Snake:2  | Gained mutation: You are mostly covered in iridescent
                  | scales. (AC +4) [Jiyva's grace]
 31397 | Snake:2  | Reached skill level 21 in Fighting
 31489 | Snake:2  | Reached skill level 1 in Evocations
 31505 | Snake:2  | Identified the +2 robe of the Turtledove {rPois rN+ Int+4
                  | Slay-6}
 32028 | D:14     | Identified the +0 cloak of the Northern Lights {rC++}
 32223 | Snake:3  | Noticed a nagaraja
 32375 | Snake:3  | Reached XP level 17. HP: 196/205 MP: 19/19
 32623 | Snake:3  | Acquired 870 gold pieces
 32920 | D:13     | Bought a +4 ring of slaying for 1326 gold pieces
 33162 | Snake:3  | Found Wiadotz's Antique Weapon Boutique.
 33165 | Snake:3  | Found Modorr's Assorted Antiques.
 33165 | Snake:3  | Found Pebregom's Assorted Antiques.
 33172 | Snake:3  | Found Amo Kuix's Book Shop.
 33192 | Snake:3  | Reached skill level 15 in Shields
 33221 | Snake:3  | Bought a runed demon whip for 360 gold pieces
 33221 | Snake:3  | Bought a dazzling flail for 170 gold pieces
 33221 | Snake:3  | Identified the +7 flail "Hicizau" {flame, Int+4 Dex+5} (You
                  | bought it in a shop on level 3 of the Snake Pit)
 33237 | Snake:3  | Bought a scroll of enchant weapon for 255 gold pieces
 33237 | Snake:3  | Bought a scroll of blinking for 255 gold pieces
 33289 | Snake:3  | Reached skill level 22 in Fighting
 33751 | Snake:4  | Entered Level 4 of the Snake Pit
 33857 | Snake:4  | Reached skill level 5 in Evocations
 33910 | Snake:4  | Lost mutation: You have a pair of small antennae on your
                  | head. [Jiyva's grace]
 33910 | Snake:4  | Lost mutation: You have an unnaturally thin skeletal
                  | structure. (Dex +6, Stealth+++) [Jiyva's grace]
 33910 | Snake:4  | Lost mutation: Your flesh is almost immune to the effects
                  | of cold. (rC+++) [Jiyva's grace]
 33910 | Snake:4  | Lost mutation: Your translucent skin slightly reduces your
                  | foes' accuracy. (Stealth+) [Jiyva's grace]
 33910 | Snake:4  | Gained mutation: Your spells are a little harder to cast,
                  | but a little more powerful. [Jiyva's grace]
 33910 | Snake:4  | Gained mutation: Your spells are harder to cast, but more
                  | powerful. [Jiyva's grace]
 33910 | Snake:4  | Gained mutation: Your spells are much harder to cast, but
                  | much more powerful. [Jiyva's grace]
 33910 | Snake:4  | Gained mutation: You have sharp toenails. [Jiyva's grace]
 34568 | Snake:4  | Reached skill level 23 in Fighting
 34728 | Snake:4  | Got a serpentine rune of Zot
 34971 | Swamp:1  | Entered Level 1 of the Swamp
 34978 | Swamp:1  | Reached XP level 18. HP: 222/222 MP: 20/20
 35776 | Swamp:2  | Noticed Mlioglotl
 35796 | Swamp:2  | Killed Mlioglotl
 35855 | Swamp:2  | Lost mutation: You are mostly covered in iridescent scales.
                  | (AC +4) [Jiyva's grace]
 35855 | Swamp:2  | Lost mutation: Your flesh is very cold resistant. (rC++)
                  | [Jiyva's grace]
 35855 | Swamp:2  | Lost mutation: Your muscles are very strong. (Str +8,
                  | Int/Dex -2) [Jiyva's grace]
 35855 | Swamp:2  | Lost mutation: Your spells are much harder to cast, but
                  | much more powerful. [Jiyva's grace]
 35855 | Swamp:2  | Lost mutation: Your spells are harder to cast, but more
                  | powerful. [Jiyva's grace]
 35855 | Swamp:2  | Gained mutation: You have sharp fingernails. [Jiyva's
                  | grace]
 35855 | Swamp:2  | Gained mutation: You have very sharp fingernails. [Jiyva's
                  | grace]
 35855 | Swamp:2  | Gained mutation: You have claws for hands. [Jiyva's grace]
 35855 | Swamp:2  | Gained mutation: You are covered in slimy tendrils that may
                  | disarm your opponents. [Jiyva's grace]
 36199 | Swamp:3  | Reached skill level 24 in Fighting
 36373 | Swamp:3  | Identified the +2 scimitar of Grace {freeze, rC+ Int+3
                  | Stlth+}
 36828 | Swamp:4  | Entered Level 4 of the Swamp
 37320 | Swamp:4  | Lost mutation: You have claws for hands. [Jiyva's grace]
 37320 | Swamp:4  | Lost mutation: Your muscles are strong. (Str +4, Int/Dex
                  | -1) [Jiyva's grace]
 37320 | Swamp:4  | Gained mutation: You have a small jelly attached to you
                  | that senses nearby items. [Jiyva's grace]
 37320 | Swamp:4  | Gained mutation: You have a beak for a mouth. [Jiyva's
                  | grace]
 37320 | Swamp:4  | Gained mutation: You have a pair of small horns on your
                  | head. [Jiyva's grace]
 37320 | Swamp:4  | Gained mutation: You have a pair of horns on your head.
                  | [Jiyva's grace]
 37553 | Swamp:4  | Reached skill level 1 in Unarmed Combat
 37668 | Swamp:4  | Got a decaying rune of Zot
 37854 | Slime:1  | Entered Level 1 of the Pits of Slime
 38107 | Slime:2  | Found a viscous altar of Jiyva.
 38790 | Slime:5  | Entered Level 5 of the Pits of Slime
 38941 | Slime:5  | Noticed the Royal Jelly
 38984 | Slime:5  | Found a viscous altar of Jiyva.
 38985 | Slime:5  | Found the +13 scythe of Curses {drain, Drain}
 38994 | Slime:5  | Identified the +0 pair of boots of the Flute {rN+ rCorr
                  | Int-3}
 39008 | Slime:5  | Got a slimy rune of Zot
 39016 | Slime:5  | Identified the +8 hand axe of Dividends {drain, rF++ Int+4}
 39682 | Depths:1 | Entered Level 1 of the Depths
 39682 | Depths:1 | Found a one-way gate to the infinite horrors of the Abyss.
 39727 | D:15     | HP: 9/227 [frost giant/+0 battleaxe of freezing (7)]
 40011 | Depths:1 | Found a sparkling altar of Nemelex Xobeh.
 40050 | Depths:1 | Reached XP level 19. HP: 143/236 MP: 21/21
 40300 | Depths:1 | Found a gateway to Hell.
 40371 | Depths:1 | Noticed a pearl dragon
 40372 | Depths:1 | You fall into a shaft and drop 1 floor!
 40416 | Depths:1 | Reached skill level 25 in Fighting
 40427 | Depths:1 | Killed a pearl dragon
 40441 | Depths:1 | Slain by a fire giant

Illustrated notes

Levels and vault maps discovered:
D:1:      dpeg_arrival_refuge, layout_basic, shapermc_ecumenical_altar_pompeii
D:2:      layout_rooms, serial_forest, infiniplex_forest_lined_3_way,
          infiniplex_forest_lined_2, infiniplex_forest_end_2,
          infiniplex_forest_clump_small, infiniplex_forest_end_2,
          infiniplex_forest_end_1, kennysheep_path_1, uniq_sigmund
D:3:      layout_basic, makhleb_altar_promises_db
D:4:      layout_loops_cross, fedhas_altar_fruit_tree, uniq_robin
D:5:      layout_cave_pools, nicolae_overflow_crystal_walls,
          hangedman_decor_lopped, chequers_avenue,
          hangedman_decor_diamond_cutter, uniq_crazy_yiuf_cottage, uniq_ijyb
D:6:      layout_basic, nicolae_hepliaklqana_hazy_memory, uniq_blork_the_orc
D:7:      layout_loops_ring, lemuel_mausoleum_altar_kikubaaqudgha,
          grunt_gozag_statues, minmay_temple_entry_butterflies,
          hangedman_decor_points
D:8:      layout_loops_ring, gammafunk_temple_overflow_pools, enter_ossuary_1,
          uniq_grum, uniq_joseph, uniq_maurice
D:9:      layout_roguey, orc_0_dummy, serial_shops, nicolae_lakefront_shop,
          mrwooster_statue_mirror, kennysheep_donut, uniq_amaemon
D:10:     layout_irregular_city, mainiacjoe_overflow_cross_hatched,
          dpeg_oklobed_lair, biasface_ghost_orc_armoury, serial_ice,
          serial_ice_o, serial_ice_n, serial_ice_k, serial_ice_m,
          serial_bayou_pond_e, uniq_maggie
D:11:     layout_cross, uniq_harold
D:12:     layout_rooms, minmay_holes, uniq_sonja, uniq_urug, uniq_lodul
D:13:     layout_irregular_city, ximxim_vaults_locker_room,
          hellmonk_ghost_big_iron, serial_shops, nicolae_square_shop,
          kennysheep_nondescript
D:14:     layout_loops_cross, serial_glass, glass_columns_c, glass_columns_a,
          due_unseen_surprise, minmay_strange_pillars, feat_on_display,
          serial_shops, kennysheep_mini, uniq_frances
D:15:     gammafunk_enter_depths_forms, layout_basic,
          grunt_dithmenos_smoke_and_mirrors, kennysheep_okawaru_gauntlet
Temple:   nicolae_temple_ecumenical_triangle
Lair:1:   layout_roguey, lightli_volcano_entry_magma_tube, gammafunk_ghost_split
Lair:2:   layout_loops_ring, minmay_swamp_entry_swarm, lemuel_fruit_tree
Lair:3:   layout_cave_pods, minmay_snake_entry_guardpost_small, minivault_19,
          infiniplex_staircase_pool, grunt_megastairs_5
Lair:4:   layout_loops_ring, slime_entry_1, lemuel_fruit_fields,
          grunt_megastairs_4, uniq_kirke
Lair:5:   hangedman_lair_in_review, layout_long_grid, minivault_19,
          infiniplex_staircase_pool_2, serial_bayou_shore_b
Swamp:1:  layout_basic_swamp, evilmike_swamp_ruin_wall, swamp_pool5
Swamp:2:  layout_falls_marsh, evilmike_swamp_ruin_house_4, swamp_pool3,
          nicolae_swamp_drake_lake, uniq_mlioglotl
Swamp:3:  layout_falls_marsh, evilmike_swamp_ruin_house_1
Swamp:4:  swamp_icy, layout_basic_swamp, swamp_pool3
Snake:1:  layout_layer_cave, basic_altar
Snake:2:  nicolae_snake_hallway, layout_grid_shapes, gammafunk_ghost_necromancy
Snake:3:  layout_onion, minmay_shoptagon
Snake:4:  johnstein_snake_rune_scales, layout_misc_corridors
Slime:1:  layout_caves
Slime:2:  layout_caves, basic_altar
Slime:3:  layout_caves, cheibrodos_slime_lost_civilization_5
Slime:4:  cheibrodos_slime_lost_civilization_10, layout_caves, basic_altar
Slime:5
Orc:1:    layout_caves
Orc:2:    st_orc_rangers, layout_caves, serial_shops, nicolae_shop_waterfront,
          shop, shop, nicolae_shop_advertising_works
          [nicolae_subvault_shop_adworks], uniq_snorg, uniq_rupert
Depths:1: layout_cave_pools, grunt_mini_vestibule, abyss_entry,
          nemelex_diamond_rough_becter, serial_rivers,
          chequers_serial_rivers_marsh, chequers_serial_rivers_small_a,
          chequers_serial_rivers_micro_d, chequers_serial_rivers_room_b,
          chequers_serial_rivers_micro_e, chequers_serial_rivers_large_a,
          kennysheep_pointless_box, hallowed_hall, serial_bayou_shore_b
Depths:2: regret_index_dithmenos_brocken_genspenst, layout_gridville,
          enter_ziggurat_a, grunt_pan_entry_zigzag, hell_entry,
          minmay_staircase_statues_hall_small

Skill      XL: |  1  2  3  4  5  6  7  8  9 10 11 12 13 14 15 16 17 18 19 |
---------------+----------------------------------------------------------+-----
Maces & Flails | 3 4 5 6 8 10 11 12 | 12.0
Fighting       | 5 6 7 9 10 12 13 15 16 17 18 21 23 24 25 | 25.1
Spellcasting   | 1 |  1.8
Transmutations | 2 |  2.2
Shields        | 5 9 11 13 14 15 | 15.0
Armour         | 3 6 7 8 10 | 10.3
Throwing       | 4 5 6 8 |  8.7
Dodging        | 5 9 10 | 10.4
Evocations     | 2 6 9 |  9.2
Unarmed Combat | 1 |  1.1
Stealth        | |  1.4

Action                   |  1- 3 |  4- 6 |  7- 9 | 10-12 | 13-15 | 16-18 | 19-21 || total
-------------------------+-------+-------+-------+-------+-------+-------+-------++-------
Melee: Mace              |    67 |   151 |   197 |       |       |       |       ||   415
       Punch             |     1 |     2 |     6 |     8 |       |       |       ||    17
       Flail             |       |       |   186 |   119 |       |    42 |       ||   347
       Demon whip        |       |       |       |   709 |  1968 |  1375 |   141 ||  4193
       Kick              |       |       |       |       |       |   305 |    89 ||   394
       Headbutt          |       |       |       |       |       |    41 |    61 ||   102
       Peck              |       |       |       |       |       |    40 |    55 ||    95
Throw: Dart              |       |       |     1 |     1 |     3 |       |       ||     5
       Boomerang         |       |       |       |       |       |     3 |       ||     3
Invok: Foxfire Swarm     |     2 |     1 |     2 |       |     1 |       |       ||     6
       Fiery Armour      |       |       |     2 |     2 |     1 |       |       ||     5
       Oozemancy         |       |       |       |       |     3 |     9 |     2 ||    14
       Slimify           |       |       |       |       |       |     1 |       ||     1
Evoke: Wand              |       |       |       |       |       |     1 |       ||     1
  Use: Scroll            |       |    15 |    11 |     4 |     5 |     8 |     1 ||    44
       Potion            |       |       |     1 |     4 |     4 |     1 |     2 ||    12
 Stab: Sleeping          |     5 |     3 |    13 |     2 |    10 |    33 |     1 ||    67
       Petrified         |       |       |       |       |     5 |       |       ||     5
       Petrifying        |       |       |       |       |     1 |       |       ||     1
       Distracted        |       |       |       |       |       |     2 |     1 ||     3
Armor: Robe              |    27 |    11 |       |       |       |       |       ||    38
       Shadow dragon sca |       |   166 |   321 |   400 |  1026 |   571 |    52 ||  2536
Dodge: Dodged            |    38 |    50 |   101 |   144 |   406 |   492 |    55 ||  1286
Block: Kite shield       |       |       |       |   122 |   954 |   968 |   111 ||  2155

Table legend: (Time is in decaauts)
 A = Elapsed time spent in this place.
 B = Non-inter-level travel time spent in this place.
 C = Inter-level travel time spent in this place.
 D = Time resting spent in this place.
 E = Time spent auto-exploring this place.
 F = Levels seen in this place.
 G = Mean time per level.
                   A        B        C        D        E       F      G
               +--------+--------+--------+--------+--------+-----+--------+
         Total |  39028 |  34581 |   4447 |   6019 |  18033 |  40 |  975.7 |
       Dungeon |  18213 |  15722 |   2491 |   2614 |   8777 |  15 | 1214.2 |
        Temple |     46 |     46 |      0 |      0 |     30 |   1 |   46.0 |
          Lair |   8487 |   7553 |    934 |   2065 |   3632 |   5 | 1697.4 |
         Swamp |   2903 |   2643 |    260 |    106 |   1444 |   4 |  725.8 |
     Snake Pit |   4542 |   4109 |    433 |    333 |   2165 |   4 | 1135.5 |
    Slime Pits |   1297 |   1166 |    131 |      0 |   1063 |   5 |  259.4 |
  Orcish Mines |   1950 |   1754 |    196 |    394 |    624 |   2 |  975.0 |
        Depths |    494 |    494 |      0 |      0 |    195 |   2 |  247.0 |
       Ossuary |    385 |    385 |      0 |    100 |    102 |   1 |  385.0 |
       Volcano |    706 |    706 |      0 |    407 |      0 |   1 |  706.0 |
               +--------+--------+--------+--------+--------+-----+--------+

Top non-repeatable levels by time:
     D:9: 2457 daAuts
  Lair:4: 2052 daAuts
    D:10: 1968 daAuts
     D:8: 1785 daAuts
  Lair:2: 1784 daAuts
  Lair:5: 1695 daAuts
  Lair:3: 1541 daAuts
  Lair:1: 1413 daAuts
     D:6: 1404 daAuts
     D:5: 1380 daAuts
 Snake:1: 1362 daAuts
 Snake:2: 1285 daAuts
   Orc:2: 1209 daAuts
     D:7: 1175 daAuts
     D:4: 1078 daAuts
